 Dungeon Crawl Stone Soup version 0.26-a0-720-g2a1d101370 (webtiles) character file.

Game seed: 8977135111678445

9791 Decritt the Basher (level 11, -8/69 HPs)
             Began as a Gargoyle Fighter on Nov 2, 2020.
             Was a Priest of Qazlal.
             Killed from afar by Fannar (51 damage)
             ... with a bolt of cold
             ... on level 10 of the Dungeon.
             The game lasted 00:43:34 (9618 turns).

Decritt the Basher (Gargoyle Fighter)               Turns: 9618, Time: 00:43:35

Health: -8/69      AC: 23    Str: 22    XL:     11   Next: 52%
Magic:  15/15      EV:  7    Int: 14    God:    Qazlal [***...]
Gold:   588        SH: 16    Dex:  9    Spells: 10/10 levels left

rFire    . . .     SeeInvis .   x - +5 flail (holy)
rCold    x . .     Faith    .   c - +0 kite shield
rNeg     + . .     Spirit   .   B - +0 chain mail
rPois    ∞         Reflect  .   v - +0 helmet
rElec    +         Harm     .   i - +0 cloak
rCorr    .         Rampage  .   g - +0 pair of gloves
MR       +....                  (no boots)
Stlth    ..........             C - amulet of Uxeoxyck {+Blink rPois rC- Regen+ Int+4}
HPRegen  0.61/turn              H - ring of protection from magic
MPRegen  0.14/turn              (no ring)

@: no status effects
A: negative energy resistance 1, electricity resistance, unbreathing,
petrification resistance, rot immunity, AC +8
a: Upheaval, Elemental Force, Renounce Religion, Evoke Blink


You were on level 10 of the Dungeon.
You worshipped Qazlal.
Qazlal was most pleased with you.
You visited 1 branch of the dungeon, and saw 10 of its levels.
You visited the Abyss 1 time.

You collected 588 gold pieces.

Inventory:

Hand Weapons
 a - a +1 whip of flaming
 x - a +5 flail of holy wrath (weapon)
Armour
 c - a +0 kite shield (worn)
 g - a +0 pair of gloves (worn)
 i - a +0 cloak (worn)
 v - a +0 helmet (worn)
 B - a +0 chain mail (worn)
Jewellery
 l - an uncursed amulet of guardian spirit
 s - an uncursed amulet of the acrobat
 C - the amulet of Uxeoxyck (around neck) {+Blink rPois rC- Regen+ Int+4}
   (You found it on level 5 of the Dungeon)

   [amulet of regeneration]

   It affects your intelligence (+4).
   It makes you vulnerable to cold.
   It protects you from poison.
   It lets you blink.
   It increases your rate of regeneration.
 H - a ring of protection from magic (left hand)
Wands
 E - a wand of iceblast (9)
 I - a wand of flame (17)
Scrolls
 b - 2 scrolls of amnesia
 e - a scroll of blinking
 h - a scroll of fear
 j - 3 scrolls of teleportation
 p - a scroll of magic mapping
 q - a scroll of enchant weapon
 w - 2 scrolls of enchant armour {unknown}
 D - 3 scrolls of remove curse
Potions
 d - 2 potions of might
 f - 2 potions of cancellation
 k - 2 potions of curing
 m - a potion of degeneration {unknown}
 n - a potion of heal wounds
 o - a potion of ambrosia
 u - 2 potions of flight
 z - a potion of brilliance
 A - a potion of resistance
 F - a potion of lignification {unknown}
 G - a potion of haste {unknown}


   Skills:
 + Level 8.8 Fighting
 * Level 10.7 Maces & Flails
 + Level 9.1 Armour
 + Level 9.0 Shields
 + Level 6.4 Invocations


You had 10 spell levels left.
You didn't know any spells.
Your spell library contained the following spells:

 Spells                   Type           Power        Failure   Level
 Beastly Appendage        Tmut           #.....       99%         1
 Shock                    Conj/Air       #...         99%         1
 Wereblood                Tmut           #.......     99%         2
 Spider Form              Tmut/Pois      #.........   100%        3
 Ice Form                 Ice/Tmut       #.......     100%        4
 Petrify                  Tmut/Erth      #.......     100%        4
 Blade Hands              Tmut           #.........   100%        5
 Irradiate                Conj/Tmut      #.........   100%        5
 Silence                  Hex/Air        #.........   100%        5
 Hydra Form               Tmut           #.........   100%        6
 Dragon Form              Tmut           #.........   100%        7
 Statue Form              Tmut/Erth      Unusable     N/A         6

Dungeon Overview and Level Annotations

Branches:
Dungeon (10/15)            Temple (0/1) D:5            Lair (0/6) D:8
    Orc: D:9-12

Altars:
Ashenzari
Dithmenos
Elyvilon
Hepliaklqana
Kikubaaqudgha
Okawaru
Qazlal
Ru
Sif Muna
Trog
Vehumet
Wu Jian
The Shining One

Shops:
D:6 }=[

Annotations:
D:8 2 runed translucent doors, exclusion: orange crystal statue
D:10 Fannar, Joseph, Sonja


Innate Abilities, Weirdness & Mutations

You are resistant to torment.
Your stone body is resilient. (AC +8)
You are immune to poison.
You resist negative energy. (rN+)
You are resistant to electric shocks. (rElec)
You can survive without breathing.
You are immune to petrification.
You are immune to rotting.


Message History

Qazlal accepts your kill.
You thump the centaur warrior skeleton!
The centaur warrior skeleton convulses.
The centaur warrior skeleton is lightly damaged.
Your resistance to elements expires.
The centaur warrior skeleton hits you but does no damage.
You sock the centaur warrior skeleton!
The centaur warrior skeleton convulses!
The centaur warrior skeleton is heavily damaged.
You block the centaur warrior skeleton's attack.
You sock the centaur warrior skeleton!
The centaur warrior skeleton convulses!!
The centaur warrior skeleton is almost destroyed.
The centaur warrior skeleton hits you but does no damage.
You sock the centaur warrior skeleton!
You destroy the centaur warrior skeleton!
Qazlal accepts your kill.
Your Shields skill increases to level 9!
Fannar points at you and mumbles some strange words.
The bolt of cold hits you!!!
You feel a terrible chill!
Ouch! That really hurt!
You die...

....# #.# ....# #.# ....# #@#
....#####+#######+#######+####?#
....##.......................#(#
...e...).........e.....(.....(.#
.....#....e..O.....@..... #(#
.....####+#######)###### #(#
.....# ##@..## #(# ####.#
##.....## #.# [..#[# #.......#
#K# ##.#.# #.......# #.# ##.#.#
#..."...# #.# #)#.## ##.....##
##.## #....## ##...## ##....
#.##..#####################..##.
#####.......... .............##.


You could see Fannar (icy armour) and Joseph.

Vanquished Creatures
  Josephine (D:10)
  2 two-headed ogres
  Pikel (D:4)
  A troll (D:9)
  A raiju (Abyss:1)
  Sigmund (D:4)
  A wyvern (D:9)
  3 wraiths
  Eustachio (D:4)
  3 yaks
  Edmund (D:3)
  4 water moccasins
  A hornet zombie (D:10)
  4 orc warriors
  An ice beast (D:10)
  A phantom (D:10)
  4 black bears
  2 sky beasts (D:10)
  A necrophage (D:10)
  5 ogres
  5 centaurs
  2 lemures (D:4)
  10 bullfrogs
  2 scorpions
  3 killer bees (D:10)
  11 wights
  4 howler monkeys
  A bullfrog zombie (D:7)
  2 jellies
  4 orc priests
  2 hounds (D:9)
  3 bullfrog skeletons
  3 centaur skeletons
  2 iguanas
  Terence (D:3)
  8 orc wizards
  6 worker ants
  2 hound zombies
  A hound skeleton (D:8)
  2 worker ant zombies
  3 gnolls (D:3)
  9 adders
  4 shadow imps
  3 white imps
  2 ufetubi
  An adder zombie (D:10)
  A worm (D:4)
  3 dart slugs (D:1)
  2 leopard geckos
  25 orcs
  9 bats
  3 giant cockroaches
  8 hobgoblins
  5 jackals
  2 quokkas
  3 frilled lizards
  2 goblins
  9 kobolds
  A leopard gecko skeleton (D:8)
  8 rats
216 creatures vanquished.

Vanquished Creatures (others)
  A quokka (D:10)
  24 fungi (D:8)
  22 plants (D:8)
  5 toadstools (D:1)
52 creatures vanquished.

Grand Total: 268 creatures vanquished

Notes
Turn   | Place    | Note
-------+----------+-------------------------------------------
     0 | D:1      | Decritt the Gargoyle Fighter began the quest for the Orb.
     0 | D:1      | Reached XP level 1. HP: 14/14 MP: 1/1
   149 | D:1      | Reached XP level 2. HP: 19/19 MP: 2/2
   583 | D:1      | Reached XP level 3. HP: 23/23 MP: 3/3
   685 | D:2      | Found an ornate altar of the Wu Jian Council.
   833 | D:2      | Found an ancient bone altar of Kikubaaqudgha.
  1030 | D:2      | Reached XP level 4. HP: 28/28 MP: 4/4
  1387 | D:2      | Reached skill level 3 in Maces & Flails
  1657 | D:2      | Found a bloodstained altar of Trog.
  2205 | D:3      | Reached XP level 5. HP: 32/33 MP: 3/5
  2598 | D:3      | Noticed Terence
  2620 | D:3      | Killed Terence
  3173 | D:4      | Noticed Eustachio
  3215 | D:4      | Killed Eustachio
  3215 | D:4      | Reached skill level 4 in Maces & Flails
  3215 | D:4      | Reached XP level 6. HP: 27/39 MP: 4/6
  3349 | D:4      | Found a stormy altar of Qazlal.
  3353 | D:4      | Noticed Edmund
  3359 | D:4      | Noticed Sigmund
  3400 | D:4      | Reached XP level 7. HP: 31/44 MP: 3/7
  3455 | D:3      | Killed Edmund
  3455 | D:3      | Reached skill level 5 in Armour
  3455 | D:3      | Reached skill level 5 in Shields
  3567 | D:4      | Killed Sigmund
  3567 | D:4      | Reached skill level 5 in Fighting
  3567 | D:4      | Reached skill level 5 in Maces & Flails
  3683 | D:4      | Became a worshipper of Qazlal Stormbringer
  3804 | D:4      | Noticed Pikel
  3851 | D:4      | Killed Pikel
  3851 | D:4      | Reached skill level 6 in Maces & Flails
  3851 | D:4      | Reached XP level 8. HP: 26/51 MP: 5/8
  4614 | D:4      | Reached skill level 1 in Invocations
  4797 | D:4      | Found a glowing golden altar of the Shining One.
  4797 | D:4      | Found a radiant altar of Vehumet.
  4992 | D:5      | Entered Level 5 of the Dungeon
  5194 | D:5      | Got an ancient copper amulet
  5205 | D:5      | Identified the amulet of Uxeoxyck {+Blink rPois rC- Regen+
                  | Int+4} (You found it on level 5 of the Dungeon)
  5222 | D:5      | Found a broken altar of Ashenzari.
  5266 | D:5      | Noticed a two-headed ogre
  5589 | D:5      | Found a shadowy altar of Dithmenos.
  5608 | D:5      | Found a staircase to the Ecumenical Temple.
  5786 | D:6      | Found Xuaquk's Antique Armour Boutique.
  5968 | D:6      | Found Zullal's Gadget Boutique.
  6140 | D:6      | Found Niem's Jewellery Shoppe.
  6203 | D:7      | Reached skill level 7 in Maces & Flails
  6284 | D:7      | Reached XP level 9. HP: 42/55 MP: 10/10
  6495 | D:7      | Found a sacrificial altar of Ru.
  6973 | D:7      | Reached * piety under Qazlal
  7033 | D:8      | Reached skill level 8 in Maces & Flails
  7135 | D:8      | Found a staircase to the Lair.
  7202 | D:8      | Reached XP level 10. HP: 37/63 MP: 12/12
  7441 | D:8      | Reached ** piety under Qazlal
  7529 | D:8      | Identified the Guide on Shifting Lightness
  7538 | D:8      | Reached skill level 9 in Maces & Flails
  7549 | D:8      | Found an iron altar of Okawaru.
  7575 | D:8      | Found a white marble altar of Elyvilon.
  7580 | D:8      | Found a shimmering blue altar of Sif Muna.
  7647 | D:8      | Found a hazy altar of Hepliaklqana.
  7776 | D:8      | Found a runed translucent door.
  7777 | D:8      | Noticed an orange crystal statue
  7861 | D:8      | Found the +10 tower shield of Ignorance {rN+ Int-4}
  7866 | D:8      | Found a runed translucent door.
  8370 | D:9      | Reached skill level 5 in Invocations
  8519 | D:9      | Noticed a two-headed ogre
  8541 | D:9      | Killed a two-headed ogre
  8738 | D:10     | Entered Level 10 of the Dungeon
  8761 | D:10     | Reached *** piety under Qazlal
  8850 | D:10     | Noticed Josephine
  8901 | D:10     | Reached XP level 11. HP: 62/68 MP: 15/15
  8911 | D:10     | Killed Josephine
  8911 | D:10     | Reached skill level 10 in Maces & Flails
  9493 | D:10     | Noticed Sonja
  9497 | D:10     | Noticed Joseph
  9498 | D:10     | Cast into level 1 of the Abyss (Sonja)
  9545 | Abyss:1  | Found a broken altar of Ashenzari.
  9560 | D:10     | Escaped the Abyss
  9563 | D:10     | Noticed a two-headed ogre
  9588 | D:10     | Killed a two-headed ogre
  9593 | D:10     | Noticed Fannar
  9618 | D:10     | Killed from afar by Fannar

Illustrated notes

Levels and vault maps discovered:
D:1:      ldierk_walled_garden, layout_basic, due_unseen_surprise
D:2:      layout_loops_corners, lemuel_crystal_altar, minitemple
D:3:      layout_basic, st_stairs_9, minivault_25, uniq_terence
D:4:      layout_loops_ring, gammafunk_temple_overflow_statue,
          lemuel_crystal_altar, serial_glass, glass_columns_b, glass_columns_c,
          uniq_eustachio, uniq_edmund, uniq_pikel, uniq_sigmund
D:5:      layout_rooms, nicolae_overflow_hidden_temple,
          nicolae_ashenzari_panopticon, temple_green
D:6:      layout_cave_pools, serial_shops, nicolae_shop_behind_doors,
          nicolae_shop_competitors_out_of_business, nicolae_shop_behind_doors
D:7:      layout_loops_ring, nicolae_ru_path_of_blood
D:8:      layout_rooms, overflow_temple_1_default, lemuel_round_altar,
          nicolae_overflow_crystal_walls, lemuel_crystal_altar,
          due_lair_maze_entry_diamond, chequers_guarded_unrand_ignorance
D:9:      layout_roguey
D:10:     kennysheep_six_static_rooms, layout_basic, dk_vineyard_3,
          interstate_on_off, uniq_fannar, uniq_sonja, uniq_josephine,
          uniq_joseph

Skill      XL: |  1  2  3  4  5  6  7  8  9 10 11 |
---------------+----------------------------------+-----
Shields        | 4 6 7 8 9 |  9.0
Armour         | 4 6 7 8 9 |  9.1
Maces & Flails | 3 4 6 7 8 9 10 | 10.7
Fighting       | 4 5 6 7 8 |  8.8
Invocations    | 1 3 5 6 |  6.4

Action                   |  1- 3 |  4- 6 |  7- 9 | 10-12 || total
-------------------------+-------+-------+-------+-------++-------
Melee: Flail             |   129 |   180 |   280 |   375 ||   964
       Whip              |     3 |       |       |       ||     3
Throw: Dart              |    10 |    71 |    74 |    98 ||   253
 Abil: Evoke Blink       |       |       |     3 |       ||     3
  Use: Scroll            |       |     5 |    13 |     3 ||    21
       Potion            |       |       |       |     3 ||     3
 Stab: Invisible         |     1 |     6 |       |       ||     7
       Confused          |       |     1 |       |       ||     1
Armor: Scale mail        |    58 |    47 |    59 |       ||   164
       Ring mail         |    14 |    53 |       |       ||    67
       Chain mail        |       |       |   119 |   222 ||   341
Dodge: Dodged            |    57 |    57 |    60 |    76 ||   250
Block: Kite shield       |    72 |   116 |   150 |   278 ||   616

Table legend: (Time is in decaauts)
 A = Elapsed time spent in this place.
 B = Non-inter-level travel time spent in this place.
 C = Inter-level travel time spent in this place.
 D = Time resting spent in this place.
 E = Time spent auto-exploring this place.
 F = Levels seen in this place.
 G = Mean time per level.
                   A        B        C        D        E       F      G
               +--------+--------+--------+--------+--------+-----+--------+
         Total |   9772 |   9537 |    235 |   1516 |   5404 |  11 |  888.4 |
       Dungeon |   9711 |   9476 |    235 |   1516 |   5404 |  10 |  971.1 |
         Abyss |     61 |     61 |      0 |      0 |      0 |   1 |   61.0 |
               +--------+--------+--------+--------+--------+-----+--------+

Top non-repeatable levels by time:
     D:4: 2009 daAuts
     D:3: 1339 daAuts
     D:9: 1172 daAuts
     D:2: 1125 daAuts
     D:7: 930 daAuts
     D:8: 835 daAuts
     D:5: 728 daAuts
     D:1: 703 daAuts
    D:10: 453 daAuts
     D:6: 413 daAuts
 Abyss:1: 61 daAuts
